 Dungeon Crawl Stone Soup version 0.21.0-3-g78d12a8bdd (webtiles) character file.

2456 Aksej the Ducker (level 9, 0/74 HPs)
             Began as a Ghoul Monk on Jan 8, 2018.
             Slain by a yak (2 damage)
             ... on level 7 of the Dungeon.
             The game lasted 00:20:15 (5608 turns).

Aksej the Ducker (Ghoul Monk)                       Turns: 5608, Time: 00:20:15

Health: 0/74       AC:  6    Str: 20    XL:     9   Next: 50%
Magic:  17/17      EV: 18    Int:  5    God:
Gold:   372        SH:  0    Dex: 17    Spells: 8/8 levels left

rFire    . . .     SeeInvis .   a - +4 dagger (venom)
rCold    + + .     Gourm    .   (no shield)
rNeg     + + +     Faith    .   u - +2 leather armour {rC+}
rPois    ∞         Spirit   .   d - +0 helmet
rElec    .         Reflect  .   (no cloak)
rCorr    .         Harm     .   (no gloves)
MR       .....                  (no boots)
Stlth    +++.......             (no amulet)
HPRegen  0.00/turn              j - +1 ring of evasion
MPRegen  0.15/turn              s - ring "Exusm" {+Blink MP+9 Dex+3}

@: mighty, rotting, invisible
A: rotting body, claws 1, carnivore, cold resistance 1, negative energy
resistance 3, inhibited regeneration, torment resistance, unbreathing
a: Evoke Blink


You were on level 7 of the Dungeon.
You were not hungry.

You visited 2 branches of the dungeon, and saw 8 of its levels.

You collected 372 gold pieces.

Inventory:

Hand Weapons
 a - a +4 dagger of venom (weapon)
 b - a +3 dagger of speed
Missiles
 m - 7 javelins (quivered)
Armour
 d - a +0 helmet (worn)
 u - a +2 leather armour of cold resistance (worn)
Jewellery
 j - a +1 ring of evasion (left claw)
 s - the ring "Exusm" (right claw) {+Blink MP+9 Dex+3}
   (You acquired it on level 5 of the Dungeon)

   [ring of magical power]

   It affects your dexterity (+3).
   It affects your magic capacity (+9).
   It lets you blink.
Wands
 c - a wand of polymorph (19)
 h - a wand of random effects (38)
 l - a wand of enslavement (14)
 o - a wand of digging (3)
 t - a wand of iceblast (12)
 v - a wand of paralysis (13)
Scrolls
 f - 2 scrolls of magic mapping
 g - 6 scrolls of amnesia
 k - a scroll of fog
 r - 3 scrolls of teleportation
Potions
 i - 3 potions of flight
Comestibles
 p - a chunk of flesh


   Skills:
 + Level 5.0 Fighting
 * Level 7.1 Short Blades
 + Level 1.2 Throwing
 + Level 2.6 Armour
 * Level 7.2 Dodging
 + Level 4.4 Stealth
 + Level 3.9 Unarmed Combat


You had 8 spell levels left.
You didn't know any spells.

Dungeon Overview and Level Annotations

Branches:
Dungeon (7/15)             Temple (1/1) D:7

Altars:
Ashenzari
Dithmenos
Elyvilon
Fedhas
Gozag
Hepliaklqana
Kikubaaqudgha
Makhleb
Nemelex Xobeh
Qazlal
Sif Muna
Vehumet
Yredelemnul
The Shining One

Shops:
D:6 (


Innate Abilities, Weirdness & Mutations

Your body is rotting away.
You thrive on raw meat.
You are immune to poison.
You have sharp fingernails.
You are carnivorous and can eat meat at any time.
Your flesh is cold resistant. (rC+)
You are immune to negative energy. (rN+++)
You do not regenerate when monsters are visible.
You are immune to unholy pain and torment.
You can survive without breathing.


Message History

You puncture the yak!
The yak is lightly wounded.
You puncture the yak!
The yak is poisoned.
The yak is heavily wounded.
The yak misses you.
You puncture the yak!
The yak looks as sick as possible!
The yak is heavily wounded.
The yak gores you!
* * * LOW HITPOINT WARNING * * *
You hit the yak.
The yak is severely wounded.
You puncture the yak!
You kill the yak!
Your Fighting skill increases to level 5!
Your Short Blades skill increases to level 7!
You feel better. The yak gores you!
* * * LOW HITPOINT WARNING * * *
You fade into invisibility!
The yak gores you.
You die...

............##.####.##..)#.......
...........[##.# #..............
............##.####.##...........
.....................##..###...##
.....................#####.......
.....................# #.......
.......##.......Y....### ##..#..#
.......############..#.#%#......#
.......# #......@Y...'..%#.......
.......# #.########.######.......
.......# #...(†........# #.......
.......# #.########.#..# #.....<.
>......# #.#######.....####.###.#
[......# #Y.....###.........# #.#
.......# #Y########.#..####.# #.#
.......##... .........##.#.###.#
.......##..## #####.##..^........


You could see a yak.

Vanquished Creatures
  A spriggan (D:7)
  5 yaks (D:7)
  An orc warrior (D:4)
  4 ice beasts
  A sky beast (D:7)
  An ogre (D:7)
  A centaur (D:5)
  3 killer bees (D:7)
  A howler monkey (D:5)
  A crimson imp (D:6)
  2 centaur zombies
  2 hounds (D:4)
  4 orc priests
  Ijyb (D:3)
  An iguana (D:4)
  2 orc wizards
  4 worker ants
  A hound zombie (D:7)
  Robin (D:3)
  5 adders
  A shadow imp (D:4)
  2 adder skeletons (D:4)
  2 worms
  2 dart slugs (D:1)
  6 leopard geckos
  19 orcs
  2 giant cockroaches
  17 goblins
  14 hobgoblins
  10 jackals
  2 quokkas
  A ball python (D:4)
  6 bats
  4 frilled lizards
  5 kobolds
  A leopard gecko zombie (D:5)
  9 rats
145 creatures vanquished.

Notes
Turn   | Place    | Note
-------+----------+-------------------------------------------
     0 | D:1      | Aksej the Ghoul Monk began the quest for the Orb.
     0 | D:1      | Reached XP level 1. HP: 19/19 MP: 0/0
   108 | D:1      | Reached XP level 2. HP: 15/26 MP: 1/1
   543 | D:1      | Reached XP level 3. HP: 14/30 MP: 2/2
  1454 | D:3      | Noticed Robin
  1460 | D:3      | Reached skill level 1 in Short Blades
  1468 | D:2      | Reached XP level 4. HP: 9/39 MP: 3/3
  1492 | D:3      | Killed Robin
  1654 | D:3      | Noticed Ijyb
  1683 | D:3      | Killed Ijyb
  1683 | D:3      | Reached XP level 5. HP: 31/46 MP: 4/4
  2336 | D:4      | Found a blossoming altar of Fedhas.
  2363 | D:4      | Reached XP level 6. HP: 51/52 MP: 5/5
  2433 | D:4      | Noticed an orc warrior
  2459 | D:4      | Killed an orc warrior
  2723 | D:4      | Reached XP level 7. HP: 59/59 MP: 6/6
  3056 | D:5      | Entered Level 5 of the Dungeon
  3317 | D:5      | Reached skill level 5 in Dodging
  3365 | D:4      | Reached skill level 5 in Short Blades
  3365 | D:4      | Reached XP level 8. HP: 28/66 MP: 7/7
  3764 | D:5      | Identified a scroll of acquirement
  3765 | D:5      | Got a transparent ivory ring
  3766 | D:5      | Identified the ring "Exusm" {+Blink MP+9 Dex+3} (You acquired it on level 5 of the Dungeon)
  4092 | D:5      | Found an opulent altar of Gozag.
  4126 | D:5      | Found a hazy altar of Hepliaklqana.
  4127 | D:5      | Found a burning altar of Makhleb.
  4308 | D:6      | Found Vuloj's Weapon Shoppe.
  4971 | D:7      | Noticed a spriggan baker
  4995 | D:7      | Killed a spriggan baker
  4995 | D:7      | Reached skill level 1 in Armour
  5019 | D:7      | Found a stormy altar of Qazlal.
  5215 | D:7      | Reached XP level 9. HP: 51/71 MP: 8/8
  5216 | D:7      | Reached skill level 1 in Throwing
  5298 | D:7      | Found a staircase to the Ecumenical Temple.
  5304 | Temple   | Entered the Ecumenical Temple
  5599 | D:7      | Reached skill level 5 in Fighting
  5606 | D:7      | HP: 2/74 [yak (12)]
  5608 | D:7      | Slain by a yak

Skill      XL: |  1  2  3  4  5  6  7  8  9 |
---------------+----------------------------+-----
Dodging        | 3 4 5 6 7 |  7.2
Short Blades   | 1 3 4 5 6 7 |  7.1
Fighting       | 4 5 |  5.0
Stealth        | 3 4 |  4.4
Armour         | 1 2 |  2.6
Throwing       | 1 |  1.2
Unarmed Combat | |  3.9

Action                   |  1- 3 |  4- 6 |  7- 9 || total
-------------------------+-------+-------+-------++-------
Melee: Unarmed           |    23 |       |       ||    23
       Punch             |     2 |     3 |    12 ||    17
       Dagger            |    96 |   141 |   306 ||   543
Throw: Javelin           |       |     1 |     9 ||    10
  Use: Scroll            |    11 |     3 |     8 ||    22
       Potion            |     3 |     2 |     6 ||    11
 Stab: Sleeping          |     1 |     1 |     3 ||     5
       Distracted        |       |       |     1 ||     1
  Eat: Chunk             |    11 |    28 |    31 ||    70
       Ration            |       |       |    13 ||    13
Armor: Robe              |    11 |    12 |    21 ||    44
       Leather armour    |       |       |    25 ||    25
Dodge: Dodged            |    76 |    76 |   170 ||   322
